 Dungeon Crawl Stone Soup version 0.28.0-62-gf88900778d (webtiles) character file.

Game seed: 15608482184431940364

367 cbfl8 the Spear-Bearer (level 6, 0/75 HPs)
             Began as a Merfolk Berserker on Sept 12, 2023.
             Was a Priest of Trog.
             Succumbed to a scorpion's poison
             ... on level 4 of the Dungeon.
             The game lasted 00:03:21 (3611 turns).

cbfl8 the Spear-Bearer (Merfolk Berserker)          Turns: 3611, Time: 00:03:22

Health: 0/75       AC:  3    Str: 17    XL:     6   Next: 69%
Magic:  6/6        EV: 17    Int:  6    God:    Trog [***...]
Gold:   102        SH:  0    Dex: 16    Spells: 5/5 levels left

rFire   . . .      SeeInvis .   a - +0 spear
rCold   . . .      Faith    +   (no shield)
rNeg    . . .      Spirit   .   b - +0 animal skin
rPois   .          Reflect  .   (no helmet)
rElec   .          Harm     .   m - scarf {+Inv}
rCorr   .          Rampage  .   q - +0 pair of gloves
Will    .....                   (no boots)
Stlth   ..........              o - amulet of faith
HPRegen 0.22/turn               g - +4 ring of evasion
MPRegen 0.10/turn               (no ring)

@: brilliant, berserking (expiring), lethally poisoned (0 -> -5), very quick
A: (nimble swimmer 2), mertail
a: Renounce Religion, Evoke Invisibility, Berserk, Trog's Hand


You were on level 4 of the Dungeon.
You worshipped Trog.
Trog was most pleased with you.
You visited 1 branch of the dungeon, and saw 4 of its levels.

You collected 102 gold pieces.

Inventory:

Hand Weapons
 a - a +0 spear (weapon)
Armour
 b - a +0 animal skin (worn)
 m - a scarf of invisibility (worn)
 q - a +0 pair of gloves (worn)
Jewellery
 g - a +4 ring of evasion (left hand)
 o - an amulet of faith (around neck)
Scrolls
 c - 2 scrolls of teleportation {unknown}
 f - 2 scrolls of vulnerability {unknown}
 h - a scroll of magic mapping {unknown}
 j - a scroll of noise {unknown}
 k - a scroll of immolation {unknown}
 l - 2 scrolls of fear {unknown}
Potions
 d - a potion of flight {unknown}
 e - a potion of mutation {unknown}
 i - a potion of brilliance
 p - a potion of degeneration {unknown}


   Skills:
 + Level 4.8 Fighting
 + Level 8.3 Polearms
 + Level 1.5 Armour
 - Level 2.6 Dodging
 * Level 2.5 Evocations


You had 5 spell levels left.
You didn't know any spells.
Your spell library was empty.

Dungeon Overview and Level Annotations

Branches:
Dungeon (4/15)
 Temple: D:4-7

Altars:
Xom

Shops:
D:2 :


Innate Abilities, Weirdness & Mutations

((You are very nimble when in or above water. (Stealth+, EV+, Speed+++)))
Your lower body shifts to a powerful aquatic tail in water.


Message History

A red film seems to cover your vision as you go berserk!
You feel yourself moving faster!
You feel mighty!
You feel sick. The scorpion completely misses you.
You are too berserk!
You hit the scorpion but do no damage.
You feel sick. The scorpion stings you.
* * * LOW HITPOINT WARNING * * *
You are more poisoned.
The scorpion poisons you!
You barely miss the scorpion.
You feel sick.
You closely miss the scorpion.
You feel sick. The scorpion closely misses you.
You hit the scorpion.
The scorpion is moderately wounded.
You feel sick. The scorpion stings you.
* * * LOW HITPOINT WARNING * * *
You hit the scorpion.
The scorpion is heavily wounded.
* * * LOW HITPOINT WARNING * * *
You feel sick.
You closely miss the scorpion.
The scorpion is heavily wounded.
* * * LOW HITPOINT WARNING * * *
You feel sick. The scorpion stings you.
* * * LOW HITPOINT WARNING * * *
You hit the scorpion.
The scorpion is almost dead.
* * * LOW HITPOINT WARNING * * *
You feel sick.
You barely miss the scorpion.
The scorpion is almost dead.
* * * LOW HITPOINT WARNING * * *
You feel sick. The scorpion completely misses you.
You hit the scorpion.
You kill the scorpion!
Trog accepts your kill.
* * * LOW HITPOINT WARNING * * *
You feel sick.
There is a lethal amount of poison in your body!
There is a lethal amount of poison in your body!
You are too berserk!
You die...

# #..###.###[####
..##<## ##.P.....#
#....#####..≈≈≈..#
#.......##....P≈≈≈≈.#
########P8.8.#≈≈≈≈≈.#
#######.8.....P≈≈)≈.#
#.....#.......PP))..#
#.....#..............
#...@................
#....[#..###........†
#.....#..#.........##
#######.......######
####.#### #.# #


There were no monsters in sight!

Vanquished Creatures
  An ogre (D:3)
  A scorpion (D:4)
  An orc priest (D:4)
  2 orc wizards
  6 adders
  An adder skeleton (D:2)
  A worm (D:3)
  2 dart slugs
  7 orcs
  3 bats
  5 endoplasms
  A giant cockroach (D:2)
  15 goblins
  11 hobgoblins
  3 quokkas
  6 ball pythons
  5 frilled lizards
  5 kobolds
  5 rats
81 creatures vanquished.

Vanquished Creatures (others)
  3 plants (D:2)
  A withered plant (D:4)
4 creatures vanquished.

Grand Total: 85 creatures vanquished

Notes
Turn   | Place    | Note
-------+----------+-------------------------------------------
     0 | D:1      | cbfl8 the Merfolk Berserker began the quest for the Orb.
     0 | D:1      | Reached XP level 1. HP: 18/18 MP: 1/1
   158 | D:1      | You fall into a shaft and drop 1 floor!
   158 | D:2      | Found Esasead's Book Shoppe.
   271 | D:2      | Found a faded altar of an unknown god.
   274 | D:2      | Reached XP level 2. HP: 24/24 MP: 2/2
   344 | D:1      | Reached skill level 5 in Polearms
   453 | D:1      | Reached skill level 1 in Evocations
   476 | D:1      | Reached XP level 3. HP: 24/29 MP: 3/3
   599 | D:1      | Reached ** piety under Trog
  2102 | D:2      | Reached XP level 4. HP: 37/37 MP: 4/4
  2195 | D:2      | Found a shimmering altar of Xom.
  2457 | D:3      | Reached skill level 6 in Polearms
  3028 | D:3      | Reached XP level 5. HP: 14/42 MP: 5/5
  3358 | D:3      | Noticed an ogre
  3370 | D:3      | Killed an ogre
  3371 | D:3      | Reached skill level 7 in Polearms
  3371 | D:3      | Reached XP level 6. HP: 49/49 MP: 6/6
  3495 | D:4      | Reached *** piety under Trog
  3496 | D:4      | Reached skill level 8 in Polearms
  3608 | D:4      | HP: 3/73 [poisoned by a scorpion]
  3610 | D:4      | HP: 1/73 [poisoned by a scorpion]
  3611 | D:4      | Succumbed to a scorpion's poison

Illustrated notes

Levels and vault maps discovered:
D:1:      dpeg_arrival_connections, layout_rooms
D:2:      layout_rooms, serial_forest, infiniplex_forest_end_3,
          infiniplex_forest_straight_3, infiniplex_forest_corner_1,
          infiniplex_forest_lined_corner, infiniplex_forest_lined_2,
          infiniplex_forest_straight_4, infiniplex_forest_lined_2, basic_altar,
          chequers_ecumenical_altar_island, serial_shops, shop,
          minmay_misc_feat_pillars
D:3:      layout_loops_ring, minmay_ogre_servants
D:4:      layout_loops_cross, kennysheep_mini_moat, serial_shops, shop,
          serial_undead, serial_undead_a, serial_undead_b, serial_undead_c,
          serial_undead_a, serial_undead_f, serial_undead_b, st_stairs_6,
          kennysheep_generic_room_12

Skill      XL: |  1  2  3  4  5  6 |
---------------+-------------------+-----
Polearms       | 5 6 7 8 |  8.3
Evocations     | 1 2 |  2.5
Fighting       | 4 |  4.8
Armour         | |  1.5
Dodging        | |  2.6

Action                   |  1- 3 |  4- 6 || total
-------------------------+-------+-------++-------
Melee: Spear             |   131 |   166 ||   297
       Punch             |       |     2 ||     2
       Tailslap          |       |     3 ||     3
Invok: Berserk           |       |     3 ||     3
  Use: Potion            |       |     2 ||     2
 Stab: Sleeping          |     2 |     2 ||     4
Armor: Animal skin       |    11 |     8 ||    19
Dodge: Dodged            |    49 |    67 ||   116
